Unix NetHack Version 5.0.0-0 post-release - last build May 17 2026 04:57:42 (dc50c8380fa5e20985bfe3072449f57b8d9895ef,branch:main).

Game began 2026-05-19 19:36:19, ended 2026-05-19 20:16:17.

Ch3Begorrah, chaotic male human Rogue

                                           ------------
                                          #.`+.`[`.)..|
                                          #|<....[.%...####
                                           ------------   #
                                                          #
                                                          # -----       -----
                                                          ##-.(.|       |=.*|
                                                            |...|      #-.(.|
                                                            |...|      #|..(|
                                                            |...c##@d###|...|
                                                            -----       -----

Ch3Begorrah the Cutpurse  St:13 Dx:18 Co:14 In:10 Wi:12 Ch:12  Chaotic
Dlvl:7  $:1274 HP:0(31) Pw:40(40) AC:5  Xp:5 T:2896  Stone Burdened

Latest messages:
 What do you want to write with? [- bdg-iknq-tw-yHJMNTUWY or ?*] ?
 Do you want to add to the current engraving? [ynq] (y) y
 You add to the writing in the dust with a steel wand.
 What do you want to add to the writing in the dust here? .
 The wand unsuccessfully fights your attempt to write!
 What do you want to call? [bdhjknqstzC-FH-JLMP-VZ or ?*] n
 Call a steel wand: Striking
 What do you want to write with? [- bdg-iknq-tw-yHJMNTUWY or ?*] ?
 The engraving on the floor vanishes!
 You write in the dust with a tin wand.
 What do you want to write in the dust here? .
 What do you want to call? [bdhjknqstzC-FH-JLMP-VZ or ?*] t
 Call a tin wand: CIT
 "For you, good sir; only 200 zorkmids for this steel ring."
 You have a little trouble lifting v - a steel ring (unpaid, 200 zorkmids).
 What do you want to drop? [$b-lnp-tv-zA-FH-JL-WYZ or ?*] v
 You drop a steel ring (unpaid, 200 zorkmids).
 You see here a pick-axe (for sale, 50 zorkmids).
 There is a grave here.
 Something is engraved here on the headstone.
 You read: "flandre, killed by Mr. Weliki Oestjoeg; the shopkeeper".
 There are many objects here.
 There is a pancake here; eat it? [ynq] (n) n
 There is a lichen corpse here; eat it? [ynq] (n) n
 There are 5 food rations here; eat one? [ynq] (n) n
 What do you want to eat? [pA or ?*] ?
 This food really hits the spot!
 You finish eating the food ration.
 You stop.  Your dog is in the way!
 You swap places with your dog.
 You hear the chime of a cash register.
 You hear someone counting gold coins.
 The cockatrice bites!
 The cockatrice touches you!
 You hear the cockatrice's hissing!
 You are slowing down.
 What do you want to write with? [- bdg-iknq-tw-yHJMNTUWY or ?*] ?
 You engrave in the ground with a wand of digging.
 What do you want to engrave in the ground here? Elbereth
 Gravel flies up from the floor.
 You don't have anything to drink.
 What do you want to use or apply? [efinq-tw-yPRY or ?*] f
 What do you want to use or apply? [efinq-tw-yPRY or ?*] f
 You have a little trouble removing m - a wand called Speed Monster.
 Your limbs are stiffening.
 The cockatrice turns to flee.
 Your limbs have turned to stone.
 You have turned to stone.
 You are a statue.
 Do you want your possessions identified? [ynq] (y) q

Inventory:
 Coins    ('$')
  $ - 1274 gold pieces
 Weapons  (')')
  g - a +2 dagger (weapon in right hand)
  N - 14 +2 daggers (at the ready)
  W - a +0 elven dagger
 Armor    ('[')
  j - an uncursed +1 orcish helm (being worn)
  B - an uncursed -1 cloak of invisibility
  V - a cursed +0 cloak of magic resistance
  Q - a blessed +1 dwarvish cloak
  O - an uncursed +0 robe
  c - an uncursed +1 leather armor (being worn)
 Comestibles  ('%')
  A - an uncursed slime mold
  p - 2 uncursed food rations
 Scrolls  ('?')
  I - an uncursed scroll of blank paper
  L - an uncursed scroll of confuse monster
  Z - 2 cursed scrolls of destroy armor
  l - 2 uncursed scrolls of enchant weapon
  C - an uncursed scroll of identify
  F - an uncursed scroll of magic mapping
  D - an uncursed scroll of punishment
  S - a blessed scroll of remove curse named ok2
  z - an uncursed scroll of remove curse named ok
  E - 2 uncursed scrolls of teleportation
 Spellbooks  ('+')
  R - an uncursed spellbook of fireball
  P - an uncursed spellbook of identify
 Rings    ('=')
  b - a cursed ring of cold resistance
  M - an uncursed ring of free action
  d - a cursed ring of searching
  J - an uncursed ring of stealth named ok
 Wands    ('/')
  y - a wand of create monster (0:3)
  Y - a blessed wand of digging (0:4)
  x - a wand of digging (0:8)
  w - a wand of digging (0:3)
  i - a wand of light (0:11)
  r - a wand of light (0:10)
  t - a wand of make invisible (0:4)
  s - a wand of sleep (0:8)
  q - a wand of sleep (0:1)
  m - a cursed wand of speed monster (0:6)
  n - a wand of striking (0:0)
 Tools    ('(')
  f - an uncursed sack containing 10 items
  e - an uncursed lock pick named G#
 Gems/Stones  ('*')
  H - an uncursed citrine stone
  T - an uncursed worthless piece of black glass
  U - an uncursed worthless piece of green glass
  h - an uncursed worthless piece of orange glass
  k - an uncursed worthless piece of violet glass

Contents of the sack:
  an uncursed scroll of scare monster
  an uncursed potion of water named unc
  an uncursed potion of monster detection
  an uncursed potion of extra healing
  an uncursed potion of gain energy
  a cursed potion of healing
  an uncursed potion of sickness
  a wand of magic missile (0:5)
  a wand of magic missile (0:4)
  a cursed wand of speed monster (0:6)

Ch3Begorrah the Rogue's attributes:

Background:
 You were a Cutpurse, a level 5 male human Rogue.
 You were chaotic, nominally on a mission for Kos
 who was opposed by Issek (lawful) and Mog (neutral).
 You were right-handed.
 You were in the Dungeons of Doom, on level 7.
 You entered the dungeon 2896 turns ago.
 There was a new moon in effect when your adventure ended.
 You had 188 experience points, 132 more were needed to attain level 6.

Basics:
 You had 0 out of 31 hit points.
 You had all 40 energy points (spell power).
 Your armor class was 5.
 Your wallet contained 1274 zorkmids.
 Autopickup was off.

Final Characteristics:
 Your strength was 13 (limit:18/100).
 Your dexterity was 18 (limit:18).
 Your constitution was 14 (limit:18).
 Your intelligence was 10 (limit:18).
 Your wisdom was 12 (limit:18).
 Your charisma was 12 (limit:18).

Final Status:
 You turned into stone.
 You weren't hungry.
 You were burdened; movement was slightly slowed.
 You were wielding a dagger.
 You had basic skill with dagger and could have enhanced that.

Final Attributes:
 You were piously aligned.
 You were stealthy.
 You were warded.
 You are dead.

Miscellaneous:
 You encountered 1 bones level.
 Total elapsed playing time was 39 minutes and 58 seconds.

Major events:
 Turn
    1: Ch3Begorrah the chaotic male human Rogue entered the dungeon
 1440: attained the rank of Cutpurse (level 3)
 2896: petrified by a cockatrice

You didn't know any spells.

Skills:
 Fighting Skills
   bare handed combat [Unskilled]
   two weapon combat  [Unskilled]
   riding             [Unskilled]
 Weapon Skills
   dagger             [Basic]
   knife              [Unskilled]
   short sword        [Basic]
   broadsword         [Unskilled]
   long sword         [Unskilled]
   two-handed sword   [Unskilled]
   saber              [Unskilled]
   club               [Unskilled]
   mace               [Unskilled]
   morning star       [Unskilled]
   flail              [Unskilled]
   hammer             [Unskilled]
   polearms           [Unskilled]
   spear              [Unskilled]
   crossbow           [Unskilled]
   dart               [Unskilled]
   shuriken           [Unskilled]
 Spellcasting Skills
   divination spells  [Unskilled]
   escape spells      [Unskilled]
   matter spells      [Unskilled]

Voluntary challenges:
 Character rerolling was not enabled.
 You followed a strict vegan diet.
 You were an atheist.
 You never genocided any monsters.
 You never polymorphed an object.
 You never changed form.
 You used no wishes.
Achievements:
 You entered a shop.
 You attained the rank of Cutpurse.

 The Dungeons of Doom: levels 1 to 7
    Level 1:
       Some fountains, a sink.
    Level 2:
       A fountain.
    Level 3:
       A vegetarian food shop, an altar.
    Level 4:
       A weapon shop.
    Level 5:
    Level 6: "1SB"
       Some fountains, a grave.
    Level 7: <- You were here.
       A potion shop, a grave.
       Final resting place for
          you, petrified by a cockatrice,
          ubiquity-Pri-Elf-Mal-Cha, petrified by a cockatrice,
          flandre-Bar-Hum-Fem-Cha, killed by Mr. Weliki Oestjoeg; the shopkeeper.


Vanquished creatures:
  a gargoyle
  a wood nymph
  a water nymph
  a yellow light
  a shrieker
  a gnome leader
  3 floating eyes
  a dwarf
  a centipede
  a giant bat
  2 orc zombies
 an iguana
  2 acid blobs
  a gas spore
  a hobbit
  4 manes
  2 giant rats
  a yellow mold
  a gnome zombie
  2 jackals
  4 goblins
  a sewer rat
  4 grid bugs
  2 bats
  2 lichens
  4 newts
46 creatures vanquished.

No species were genocided or became extinct.

Game over:
                       ----------
                      /          \
                     /    REST    \
                    /      IN      \
                   /     PEACE      \
                  /                  \
                  |   Ch3Begorrah    |
                  |     1274 Au      |
                  |  petrified by a  |
                  |    cockatrice    |
                  |                  |
                  |                  |
                  |       2026       |
                 *|     *  *  *      | *
        _________)/\\_//(\/(/\)/\//\/|_)_______

Goodbye Ch3Begorrah the Rogue...

You turned to stone in The Dungeons of Doom on dungeon level 7 with 2289 points,
and 1274 pieces of gold, after 2896 moves.
You were level 5 with a maximum of 31 hit points when you turned to stone.

